 Dungeon Crawl Stone Soup version 0.23-a0-650-ga4d50d4 (webtiles) character file.

872 Lanoc the Ruffian (level 7, -4/71 HPs)
             Began as a Troll Monk on Jan 4, 2019.
             Slain by zkyp's ghost (11 damage)
             ... on level 4 of the Dungeon.
             The game lasted 00:02:53 (1119 turns).

Lanoc the Ruffian (Troll Monk)                      Turns: 1119, Time: 00:02:55

Health: -4/71      AC:  7    Str: 27    XL:     7   Next: 74%
Magic:  6/6        EV: 15    Int:  6    God:
Gold:   77         SH:  0    Dex: 12    Spells: 6/6 levels left

rFire    . . .     SeeInvis .     - Unarmed
rCold    + . .     Gourm    +   (no shield)
rNeg     . . .     Faith    .   o - +2 robe {rC+}
rPois    .         Spirit   .   (helmet restricted)
rElec    .         Reflect  .   (no cloak)
rCorr    .         Harm     .   (gloves unavailable)
MR       .....                  (boots unavailable)
Stlth    ++........             l - amulet of rage
HPRegen  0.61/turn              f - +2 ring of slaying
MPRegen  0.10/turn              n - +4 ring of evasion

@: mighty, berserk cooldown
A: large, unfitting armour, claws 3, fast metabolism 3, gourmand, regeneration
1, shaggy fur 1, tough skin 2
a: Evoke Berserk Rage


You were on level 4 of the Dungeon.
You were very full.

You visited 1 branch of the dungeon, and saw 4 of its levels.

You collected 77 gold pieces.

Inventory:

Missiles
 i - 3 large rocks (quivered)
Armour
 o - a +2 robe of cold resistance (worn)
Jewellery
 f - a +2 ring of slaying (left claw)
 l - an amulet of rage (around neck)
 n - a +4 ring of evasion (right claw)
Scrolls
 g - a scroll of enchant weapon {unknown}
 h - a scroll of remove curse {unknown}
 j - a scroll of immolation {unknown}
 k - 2 scrolls of teleportation {unknown}
Potions
 d - 3 potions of curing
 e - 2 potions of degeneration {unknown}
Comestibles
 b - 4 rations
 m - 3 chunks of flesh


   Skills:
 + Level 4.3 Fighting
 + Level 4.3 Dodging
 - Level 1.0 Stealth
 * Level 6.9 Unarmed Combat


You had 6 spell levels left.
You didn't know any spells.
Your spell library was empty.

Dungeon Overview and Level Annotations

Branches:
Dungeon (4/15)
 Temple: D:4-7

Altars:

Annotations:
D:4 zkyp's ghost, novice GnGl


Innate Abilities, Weirdness & Mutations

You are too large for most types of armour.
You have claws for hands.
Your metabolism is lightning-fast.
You like to eat raw meat.
Your natural rate of healing is unusually fast.
You are covered in fur. (AC +1)
You have very tough skin. (AC +2)


Message History

You feel sick. Zkyp's ghost hits you!
* * * LOW HITPOINT WARNING * * *
It was a potion of curing.
You feel better.
You feel yourself speed up. Zkyp's ghost hits you.
It was a potion of might.
You feel very mighty all of a sudden. Zkyp's ghost hits you!
* * * LOW HITPOINT WARNING * * *
You completely miss zkyp's ghost.
Zkyp's ghost is lightly damaged.
Zkyp's ghost hits you!
* * * LOW HITPOINT WARNING * * *
You claw zkyp's ghost!
Zkyp's ghost is moderately damaged.
Zkyp's ghost closely misses you.
You miss zkyp's ghost.
Zkyp's ghost is moderately damaged.
Zkyp's ghost hits you!
You die...

#......)).....#
##.......).....+
........)......###
...###########.#..
...###########.#.#
................(###
...................#
..#####.####.#...#.# ..# #.#
#....@#.# ..# #.#
#.#.#W#.#####
..#####'####.#..........
...........#.#....##########
.............#.............#
.#................#[######.#
.#..........#†#....).......
.#.........##≈#.#.#.#######
O#.........+#≈#......>


You could see zkyp's ghost.

Vanquished Creatures
  Pikel (D:4)
  A slave (D:4)
  2 ogres (D:4)
  A bullfrog (D:4)
  A howler monkey (D:4)
  2 orc wizards (D:4)
  An iguana (D:4)
  A centaur skeleton (D:3)
  3 adders
  An ooze (D:2)
  A worm (D:2)
  2 leopard geckos
  4 orcs
  2 giant cockroaches
  A goblin (D:3)
  3 jackals (D:3)
  A quokka (D:2)
  3 bats
  2 rats
33 creatures vanquished.

Notes
Turn   | Place    | Note
-------+----------+-------------------------------------------
     0 | D:1      | Lanoc the Troll Monk began the quest for the Orb.
     0 | D:1      | Reached XP level 1. HP: 22/22 MP: 0/0
    93 | D:2      | Reached XP level 2. HP: 24/29 MP: 1/1
   436 | D:3      | Reached XP level 3. HP: 31/36 MP: 2/2
   441 | D:3      | Reached skill level 4 in Unarmed Combat
   871 | D:4      | Noticed an ogre
   882 | D:4      | Killed an ogre
   882 | D:4      | Reached XP level 4. HP: 45/45 MP: 3/3
   882 | D:4      | Reached XP level 5. HP: 53/53 MP: 4/4
   915 | D:4      | Noticed an ogre
   934 | D:4      | Killed an ogre
   934 | D:4      | Reached skill level 5 in Unarmed Combat
   934 | D:4      | Reached XP level 6. HP: 29/61 MP: 5/5
  1049 | D:4      | Found a runed door.
  1053 | D:4      | Noticed zkyp's ghost (novice GnGl)
  1057 | D:4      | Noticed a slave
  1057 | D:4      | Noticed a slave
  1060 | D:4      | Noticed Pikel
  1066 | D:4      | Killed a slave
  1067 | D:4      | Noticed a slave
  1069 | D:4      | Killed Pikel
  1069 | D:4      | Reached skill level 6 in Unarmed Combat
  1069 | D:4      | Reached XP level 7. HP: 70/70 MP: 6/6
  1119 | D:4      | Slain by zkyp's ghost

Vault maps used:
D:1:      tarquinn_simple_flora_water_c
D:2:      serial_undead, serial_undead_c, serial_undead_e, serial_undead_d,
          serial_undead_d, first_ration, uniq_jessica, uniq_terence
D:4:      nicolae_overflow_hidden_temple, ebering_ghost_sewer_d, uniq_edmund,
          uniq_crazy_yiuf_cottage, uniq_pikel

Skill      XL: |  1  2  3  4  5  6 |
---------------+-------------------+-----
Unarmed Combat | 4 5 6 |  6.9
Fighting       | 3 4 |  4.3
Dodging        | 3 4 |  4.3
Stealth        | |  1.0

Action                   |  1- 3 |  4- 6 |  7- 9 || total
-------------------------+-------+-------+-------++-------
Melee: Unarmed           |    42 |    24 |    20 ||    86
       Punch             |       |     1 |     2 ||     3
 Abil: Evoke Berserk Rag |     1 |     2 |       ||     3
  Use: Potion            |       |       |     2 ||     2
 Stab: Sleeping          |     2 |       |       ||     2
  Eat: Chunk             |     7 |    10 |       ||    17
Armor: Robe              |     5 |     2 |     4 ||    11
Dodge: Dodged            |    20 |    10 |    15 ||    45

Table legend:
 A = Non-vault XP
 B = Vault XP
 C = Vault XP percentage of total XP
 D = Non-vault monster count
 E = Vault monster count
 F = Vault count percentage of total count
                 A         B        C        D         E       F
            +---------+---------+-------+---------+---------+-------
      Total |     514 |     733 |  58.8 |      28 |       4 |  12.5
            +---------+---------+-------+---------+---------+-------
        D:1 |       4 |       0 |   0.0 |       3 |       0 |   0.0
        D:2 |      20 |       0 |   0.0 |       6 |       0 |   0.0
        D:3 |      66 |       0 |   0.0 |       9 |       0 |   0.0
        D:4 |     424 |     733 |  63.4 |      10 |       4 |  28.6
            +---------+---------+-------+---------+---------+-------
